RES
DEE WHY KANGAROOS @ ROCKDALE CRUSHERS
05/16/2022
 
TOP OF THE 1ST
Dee Why Kangaroos batting - Pitching for Rockdale Crushers : LHP Braxton Beedell
Pitching: LHP Braxton Beedell
Batting: RHB Daniel Shaw 0-0: Ball
1-0: Ball
2-0: Ball
3-0: Swinging Strike
3-1: Called Strike
3-2: Fly out, F9 (Flyball, 9LS, EV 77.5 MPH)
Batting: LHB Ray Sewell 0-0: Ball
1-0: Ball
2-0: Called Strike
2-1: Swinging Strike
2-2: Strikes out looking
Batting: RHB Koby Bateman 0-0: Called Strike
0-1: SINGLE (Groundball, 2R, EV 71.9 MPH) (infield hit)
Batting: LHB Daniel Bibby 0-0: Ball
1-0: Swinging Strike
1-1: Ball
2-1: Swinging Strike
2-2: Fielders Choice at 2nd, 6-4 (Groundball, 6, EV 83.8 MPH)
Top of the 1st over - 0 runs, 1 hit, 0 errors, 1 left on base; Dee Why 0 - Rockdale 0
BOTTOM OF THE 1ST
Rockdale Crushers batting - Pitching for Dee Why Kangaroos : RHP Theodore Skinner
Pitching: RHP Theodore Skinner
Batting: LHB Steve Smith 0-0: Called Strike
0-1: Called Strike
0-2: DOUBLE (Line Drive, 9LS, EV 110.6 MPH)
Batting: RHB Brad Silk 0-0: Ball
Steve Smith steals 3rd base (no throw)
1-0: Foul Ball, location: 23F
1-1: Foul Ball, location: 5F
1-2: Foul Ball, location: 2RF
1-2: Ball
2-2: Ball
3-2: Foul Ball, location: 2F
3-2: SINGLE (Line Drive, 9S, EV 93.8 MPH)
Steve Smith scores
Batting: SHB Johnny Knight 0-0: Reached on error, E5 (Groundball, 5, EV 77.5 MPH)
Brad Silk to second
Batting: SHB Mark Kinsley 0-0: Called Strike
0-1: Foul Ball, location: 2F
0-2: Ball
1-2: Ball
2-2: Ball
3-2: Foul Ball, location: 5SF
3-2: Strikes out swinging
Batting: RHB Jerod Quarles 0-0: Foul Ball, location: 25F
0-1: Ball
1-1: Ball
2-1: Ball
3-1: Reached on error, E4 (Groundball, 4M, EV 94.4 MPH)
Brad Silk to third
Johnny Knight to second
Batting: RHB Eugene Pilcher 0-0: Ball
1-0: Ball
2-0: Ball
3-0: Called Strike
3-1: Called Strike
3-2: Base on Balls
Brad Silk scores
Johnny Knight to third
Jerod Quarles to second
Batting: SHB Quincy Provan 0-0: Ball
1-0: Foul Ball, location: 2F
1-1: Called Strike
1-2: Grounds into double play, 6-4-3 (Groundball, 6M, EV 88.1 MPH)
Bottom of the 1st over - 2 runs, 2 hits, 2 errors, 2 left on base; Dee Why 0 - Rockdale 2
TOP OF THE 2ND
Dee Why Kangaroos batting - Pitching for Rockdale Crushers : LHP Braxton Beedell
Batting: RHB Eric Branighan 0-0: Ball
1-0: Ball
2-0: Foul Ball, location: 9LMF
2-1: Ball
3-1: Ground out 5-3 (Groundball, 56S, EV 86.3 MPH)
Batting: RHB Gavin Millar 0-0: Fly out, F8 (Flyball, 8LS, EV 90.6 MPH)
Batting: LHB Matthew Kenton 0-0: Ball
1-0: Called Strike
1-1: Ball
2-1: Foul Ball, location: 7LSF
2-2: Foul Ball, location: 3F
2-2: Fly out, F3 (Popup, 3S, EV 82.5 MPH)
Top of the 2nd over - 0 runs, 0 hits, 0 errors, 0 left on base; Dee Why 0 - Rockdale 2
BOTTOM OF THE 2ND
Rockdale Crushers batting - Pitching for Dee Why Kangaroos : RHP Theodore Skinner
Batting: RHB Luke Thornett 0-0: Swinging Strike
0-1: Ball
1-1: Foul Ball, location: 2LF
1-2: Ball
2-2: Ball
3-2: SINGLE (Line Drive, 5D, EV 100.6 MPH)
Batting: RHB Jim Unknown 0-0: Ball
1-0: Sac Bunt to 13S - play at first, batter OUT! 1-3
Luke Thornett to second
Batting: LHB Steve Smith 0-0: Called Strike
0-1: Ball
1-1: Swinging Strike
Passed Ball!
Luke Thornett to third
1-2: Foul Ball, location: 9LMF
1-2: Foul Ball, location: 5SF
1-2: Fly out, F8 (Flyball, 8LXD, EV 89.4 MPH)
Runner from 3rd tags up, SCORES, no throw by CF
Batting: RHB Brad Silk 0-0: Ball
1-0: Ball
2-0: Called Strike
2-1: Ball
3-1: Base on Balls
Batting: SHB Johnny Knight 0-0: Ball
Brad Silk is caught stealing 2nd base 2-6
Bottom of the 2nd over - 1 run, 1 hit, 0 errors, 0 left on base; Dee Why 0 - Rockdale 3
TOP OF THE 3RD
Dee Why Kangaroos batting - Pitching for Rockdale Crushers : LHP Braxton Beedell
Batting: RHB Willie Petherham 0-0: Ball
1-0: Ball
2-0: Ball
3-0: Base on Balls
Batting: LHB Josh Cordner 0-0: Ball
1-0: Called Strike
1-1: Swinging Strike
1-2: Strikes out swinging
Batting: RHB Daniel Shaw 0-0: Ball
1-0: Called Strike
1-1: Foul Ball, location: 2LF
1-2: Strikes out swinging
Batting: LHB Ray Sewell 0-0: Swinging Strike
0-1: Ball
1-1: Foul Ball, location: 2F
1-2: Ball
2-2: Strikes out swinging
Top of the 3rd over - 0 runs, 0 hits, 0 errors, 1 left on base; Dee Why 0 - Rockdale 3
BOTTOM OF THE 3RD
Rockdale Crushers batting - Pitching for Dee Why Kangaroos : RHP Theodore Skinner
Batting: SHB Johnny Knight 0-0: Foul Ball, location: 2F
0-1: Ball
1-1: SINGLE (Groundball, 56S, EV 66.9 MPH) (infield hit)
Batting: SHB Mark Kinsley 0-0: SINGLE (Line Drive, 89M, EV 107.5 MPH)
Johnny Knight to second
Batting: RHB Jerod Quarles 0-0: Swinging Strike
0-1: Ball
1-1: Swinging Strike
1-2: Foul Ball, location: 2F
1-2: Foul Ball, location: 23FF
1-2: Ball
2-2: Foul Ball, location: 3F
2-2: Foul Ball, location: 2F
2-2: Foul Ball, location: 23F
2-2: Foul Ball, location: 23F
2-2: Fly out, F8 (Flyball, 8RM, EV 96.9 MPH)
Lined into DP, 8-6 (Flyball, 8RM, EV 96.9 MPH)
Batting: RHB Eugene Pilcher 0-0: Ball
1-0: Ball
Mark Kinsley is caught stealing 2nd base 2-4
Bottom of the 3rd over - 0 runs, 2 hits, 0 errors, 0 left on base; Dee Why 0 - Rockdale 3
TOP OF THE 4TH
Dee Why Kangaroos batting - Pitching for Rockdale Crushers : LHP Braxton Beedell
Pitching: RHP Michael Bebbington
Batting: RHB Koby Bateman 0-0: Called Strike
0-1: Ball
1-1: Ball
2-1: Ball
3-1: Fly out, F9 (Flyball, 89D, EV 102.5 MPH)
Batting: LHB Daniel Bibby 0-0: Foul Ball, location: 2LF
0-1: Ball
1-1: Ball
2-1: Swinging Strike
2-2: Foul Ball, location: 2F
2-2: Foul Ball, location: 2RF
2-2: Strikes out looking
Batting: RHB Eric Branighan 0-0: Ball
1-0: Called Strike
1-1: Foul Ball, location: 2F
1-2: Strikes out swinging
Top of the 4th over - 0 runs, 0 hits, 0 errors, 0 left on base; Dee Why 0 - Rockdale 3
BOTTOM OF THE 4TH
Rockdale Crushers batting - Pitching for Dee Why Kangaroos : RHP Theodore Skinner
Batting: RHB Eugene Pilcher 0-0: Swinging Strike
0-1: Called Strike
0-2: Reached on error, E4 (Groundball, 34, EV 103.1 MPH)
Batting: SHB Quincy Provan 0-0: Ball
1-0: Ball
2-0: Called Strike
2-1: Ball
3-1: Fly out, F8 (Flyball, 8RD, EV 89.4 MPH)
Batting: RHB Luke Thornett 0-0: Called Strike
0-1: Foul Ball, location: 2F
0-2: Strikes out swinging
Batting: RHB Jim Unknown 0-0: Swinging Strike
0-1: Called Strike
0-2: Foul Ball, location: 2F
0-2: Foul Ball, location: 9LSF
0-2: Ball
1-2: Ball
2-2: Strikes out swinging
Bottom of the 4th over - 0 runs, 0 hits, 1 error, 1 left on base; Dee Why 0 - Rockdale 3
TOP OF THE 5TH
Dee Why Kangaroos batting - Pitching for Rockdale Crushers : RHP Michael Bebbington
Batting: RHB Gavin Millar 0-0: Ball
1-0: Ball
2-0: Ball
3-0: Called Strike
3-1: DOUBLE (Flyball, 78XD, EV 107.5 MPH)
Batting: LHB Matthew Kenton 0-0: Called Strike
0-1: Ball
1-1: Ball
2-1: Swinging Strike
2-2: Ball
3-2: Strikes out swinging
Batting: RHB Willie Petherham 0-0: Ball
1-0: SINGLE (Groundball, 56D, EV 94.4 MPH)
Gavin Millar to third
Runner from 3rd tries for Home, SAFE, throw by LF to home
Willie Petherham to second
Pitching: RHP Mark Ballinger
Batting: LHB Josh Cordner 0-0: Ball
1-0: Swinging Strike
1-1: Ball
2-1: Called Strike
2-2: Foul Ball, location: 5F
2-2: Strikes out looking
Batting: RHB Daniel Shaw 0-0: Ball
1-0: Fly out, F8 (Flyball, 8RXD, EV 111.3 MPH)
Top of the 5th over - 1 run, 2 hits, 0 errors, 1 left on base; Dee Why 1 - Rockdale 3
BOTTOM OF THE 5TH
Rockdale Crushers batting - Pitching for Dee Why Kangaroos : RHP Theodore Skinner
Batting: LHB Steve Smith 0-0: Ball
1-0: Foul Ball, location: 7LMF
1-1: Ball
2-1: Ball
3-1: Ground out 4-3 (Groundball, 4, EV 78.8 MPH)
Batting: RHB Brad Silk 0-0: Ball
1-0: Called Strike
1-1: Ball
2-1: Called Strike
2-2: Ball
3-2: Base on Balls
Batting: SHB Johnny Knight 0-0: Foul Ball, location: 5SF
0-1: Foul Ball, location: 2F
0-2: Ball
1-2: Ball
2-2: Fly out, F7 (Line Drive, 7, EV 90.6 MPH)
Pitching: RHP Corey Quinn
Batting: SHB Mark Kinsley 0-0: Foul Ball, location: 3F
0-1: Foul Ball, location: 5F
0-2: Foul Ball, location: 5DF
0-2: Strikes out looking
Bottom of the 5th over - 0 runs, 0 hits, 0 errors, 1 left on base; Dee Why 1 - Rockdale 3
TOP OF THE 6TH
Dee Why Kangaroos batting - Pitching for Rockdale Crushers : RHP Mark Ballinger
Batting: LHB Ray Sewell 0-0: Fly out, F6 (Popup, 6MD, EV 63.8 MPH)
Batting: RHB Koby Bateman 0-0: Ball
1-0: Called Strike
1-1: Foul Ball, location: 9LMF
1-2: Foul Ball, location: 2RF
1-2: Ball
2-2: Strikes out swinging
Batting: LHB Daniel Bibby 0-0: Called Strike
0-1: Ball
1-1: Called Strike
1-2: Foul Ball, location: 7LDF
1-2: Ground out 5-3 (Groundball, 56, EV 91.3 MPH)
Top of the 6th over - 0 runs, 0 hits, 0 errors, 0 left on base; Dee Why 1 - Rockdale 3
BOTTOM OF THE 6TH
Rockdale Crushers batting - Pitching for Dee Why Kangaroos : RHP Corey Quinn
Batting: RHB Jerod Quarles 0-0: Ball
1-0: Called Strike
1-1: Foul Ball, location: 25F
1-2: Ball
2-2: Foul Ball, location: 5F
2-2: Ball
3-2: Fly out, F8 (Flyball, 8LM, EV 93.1 MPH)
Batting: RHB Eugene Pilcher 0-0: Called Strike
0-1: Hit by Pitch
Batting: SHB Quincy Provan 0-0: Ball
1-0: Ball
2-0: Ball
3-0: Called Strike
3-1: Grounds into double play, 6-4-3 (Groundball, 6S, EV 82.5 MPH)
Bottom of the 6th over - 0 runs, 0 hits, 0 errors, 0 left on base; Dee Why 1 - Rockdale 3
TOP OF THE 7TH
Dee Why Kangaroos batting - Pitching for Rockdale Crushers : RHP Mark Ballinger
Batting: RHB Eric Branighan 0-0: Ball
1-0: Ball
2-0: Called Strike
2-1: Ball
3-1: Called Strike
3-2: Fly out, F9 (Flyball, 9D, EV 105.6 MPH)
Batting: RHB Gavin Millar 0-0: Ball
1-0: SINGLE (Groundball, 23, EV 75.0 MPH) (infield hit)
Batting: LHB Matthew Kenton 0-0: Called Strike
0-1: Ball
1-1: Ball
2-1: Grounds into double play, 4-6-3 (Groundball, 4S, EV 80.0 MPH)
Top of the 7th over - 0 runs, 1 hit, 0 errors, 0 left on base; Dee Why 1 - Rockdale 3
BOTTOM OF THE 7TH
Rockdale Crushers batting - Pitching for Dee Why Kangaroos : RHP Corey Quinn
Batting: RHB Luke Thornett 0-0: Foul Ball, location: 2F
0-1: Foul Ball, location: 2F
0-2: Strikes out looking
Batting: RHB Jim Unknown 0-0: Foul Ball, location: 25FF
0-1: Ball
1-1: Ball
2-1: Called Strike
2-2: Foul Ball, location: 9LSF
2-2: SOLO HOME RUN (Flyball, 7LD, EV 95.6 MPH), Distance : 350 ft
Batting: LHB Steve Smith 0-0: Ball
1-0: SINGLE (Groundball, 6MD, EV 96.9 MPH)
Batting: RHB Brad Silk 0-0: Called Strike
0-1: Swinging Strike
0-2: Foul Ball, location: 5FF
0-2: Strikes out swinging
Batting: SHB Johnny Knight 0-0: Ball
1-0: Ball
2-0: Swinging Strike
2-1: Foul Ball, location: 7LSFF
2-2: SINGLE (Groundball, 56D, EV 101.9 MPH)
Steve Smith to second
Runner from 2nd tries for 3rd, SAFE, throw by LF made to third
Pitching: RHP Luke Gillies
Batting: SHB Mark Kinsley 0-0: Ball
1-0: Ball
2-0: Foul Ball, location: 2F
2-1: Fly out, F9 (Flyball, 9S, EV 86.9 MPH)
Bottom of the 7th over - 1 run, 3 hits, 0 errors, 2 left on base; Dee Why 1 - Rockdale 4
TOP OF THE 8TH
Dee Why Kangaroos batting - Pitching for Rockdale Crushers : RHP Mark Ballinger
Batting: RHB Willie Petherham 0-0: Called Strike
0-1: Ball
1-1: Called Strike
1-2: Strikes out swinging
Batting: LHB Josh Cordner 0-0: Ball
1-0: Foul Ball, location: 2F
1-1: Ball
2-1: Ball
3-1: Base on Balls
Pinch Hitting: RHB Angelo Frawley 0-0: Foul Ball, location: 9LMF
0-1: Ground out 6-3 (Groundball, 56, EV 102.5 MPH)
Josh Cordner to second
Batting: LHB Ray Sewell 0-0: Called Strike
0-1: Called Strike
0-2: Foul Ball, location: 23F
0-2: Strikes out looking
Top of the 8th over - 0 runs, 0 hits, 0 errors, 1 left on base; Dee Why 1 - Rockdale 4
BOTTOM OF THE 8TH
Rockdale Crushers batting - Pitching for Dee Why Kangaroos : RHP Luke Gillies
Now at SS: Angelo Frawley
Batting: RHB Jerod Quarles 0-0: Called Strike
0-1: Ball
1-1: Foul Ball, location: 2F
1-2: Strikes out swinging
Batting: RHB Eugene Pilcher 0-0: Ground out 6-3 (Groundball, 6, EV 82.5 MPH)
Batting: SHB Quincy Provan 0-0: Called Strike
0-1: Ball
1-1: Swinging Strike
1-2: Ball
2-2: Ball
3-2: Foul Ball, location: 2F
3-2: Foul Ball, location: 7LMF
3-2: Base on Balls
Batting: RHB Luke Thornett 0-0: Ball
1-0: Called Strike
1-1: Fly out, F7 (Flyball, 7, EV 89.4 MPH)
Bottom of the 8th over - 0 runs, 0 hits, 0 errors, 1 left on base; Dee Why 1 - Rockdale 4
TOP OF THE 9TH
Dee Why Kangaroos batting - Pitching for Rockdale Crushers : RHP Mark Ballinger
Batting: RHB Koby Bateman 0-0: Ground out U3 (Groundball, 3, EV 90.6 MPH)
Batting: LHB Daniel Bibby 0-0: Called Strike
0-1: Fly out, F7 (Flyball, 78D, EV 100.6 MPH)
Batting: RHB Eric Branighan 0-0: Called Strike
0-1: Ball
1-1: Swinging Strike
1-2: Ball
2-2: Foul Ball, location: 2LF
2-2: Ball
3-2: Foul Ball, location: 2F
3-2: Ground out 6-3 (Groundball, 6, EV 88.1 MPH)
Top of the 9th over - 0 runs, 0 hits, 0 errors, 0 left on base; Dee Why 1 - Rockdale 4
Thursday, May 2nd , 2024 - OOTP Baseball 24.9 Build 80